 Dungeon Crawl Stone Soup version 0.28.0-53-g5a82cb258f (webtiles) character file.

Game seed: 9819217725940103511

2 quokkamancerX the Skirmisher (level 1, -2/19 HPs)
             Began as a Hill Orc Fighter on June 5, 2022.
             Succumbed to an adder's poison
             ... on level 2 of the Dungeon.
             The game lasted 00:01:01 (254 turns).

quokkamancerX the Skirmisher (Hill Orc Fighter)      Turns: 254, Time: 00:01:02

Health: -2/19      AC:  6    Str: 18    XL:     1   Next: 40%
Magic:  1/1        EV:  9    Int:  8    God:
Gold:   8          SH:  4    Dex: 10    Spells: 0/0 levels left

rFire   . . .      SeeInvis .   a - +0 war axe
rCold   . . .      Faith    .   c - +0 buckler
rNeg    . . .      Spirit   .   b - +0 scale mail
rPois   .          Reflect  .   (no helmet)
rElec   .          Harm     .   (no cloak)
rCorr   .          Rampage  .   (no gloves)
Will    .....                   (no boots)
Stlth   ..........              (no amulet)
HPRegen 0.06/turn               (no ring)
MPRegen 0.07/turn               (no ring)

@: lethally poisoned (-2 -> -10)
A: no striking features
a: no special abilities


You were on level 2 of the Dungeon.
You visited 1 branch of the dungeon, and saw 2 of its levels.

You collected 8 gold pieces.

Inventory:

Hand Weapons
 a - a +0 war axe (weapon)
Missiles
 f - 2 poisoned darts (quivered)
Armour
 b - a +0 scale mail (worn)
 c - a +0 buckler (worn)
Potions
 d - a potion of might
 e - a potion of curing {unknown}


   Skills:
 - Level 3.6 Fighting
 + Level 3.1 Axes
 - Level 3.2 Armour
 - Level 3.2 Shields


You couldn't memorise any spells.
You didn't know any spells.
Your spell library contained the following spells:

 Spells                   Type           Power      Damage    Failure   Level
 Confusing Touch          Hex            0%         N/A       99%         3
 Yara's Violent Unravell  Hex/Tmut       0%         3d3       100%        5
 Enfeeble                 Hex            0%         N/A       100%        7


Dungeon Overview and Level Annotations

Branches:
Dungeon (1/15)

Altars:


Message History

The endoplasm quivers.
The endoplasm freezes you.
You are frozen.
You slash the endoplasm!
You kill the endoplasm!
Your Axes skill increases to level 3!
You start resting.
HP restored.
Found a viscous red potion.
An adder comes into view.
You throw a poisoned dart. The poisoned dart misses the adder.
You closely miss the adder. The adder bites you but does no damage.
You block the adder's attack.
You miss the adder. The adder bites you.
You are poisoned.
The adder poisons you! The adder bites you but does no damage.
You completely miss the adder.
You feel sick. The adder bites you.
You are more poisoned.
The adder poisons you!
You miss the adder.
You feel very sick. The adder barely misses you. The adder closely misses you.
You miss the adder.
You feel sick. The adder bites you. The adder closely misses you.
You closely miss the adder.
* * * LOW HITPOINT WARNING * * *
You feel sick. The adder barely misses you. You block the adder's attack.
You barely miss the adder.
* * * LOW HITPOINT WARNING * * *
You feel sick. You block the adder's attack.
You hit the adder.
The adder is moderately wounded.
* * * LOW HITPOINT WARNING * * *
You feel sick. The adder bites you but does no damage. The adder bites you.
* * * LOW HITPOINT WARNING * * *
You are more poisoned.
The adder poisons you!
You hit the adder.
The adder is almost dead.
You die...

#### #..
...###..
#..##..
##########.##..
..
#............#.
#.
#.#########..#.
#. ####.#
#......#. #S
#....#
#........ #
#.###@####
#......#.
#.#.!##S#
######.#.
#....##.# #...
#..##.# ##.#
#.....# #.#
##.#..# #####.#
...#..# #......
###...(#
#...... ..#.##
#......


You could see an adder.

Vanquished Creatures
  An endoplasm (D:2)
  A kobold (D:1)
  A rat (D:2)
3 creatures vanquished.

Notes
Turn   | Place    | Note
-------+----------+-------------------------------------------
     0 | D:1      | quokkamancerX the Hill Orc Fighter began the quest for the
                  | Orb.
     0 | D:1      | Reached XP level 1. HP: 19/19 MP: 1/1
    93 | D:1      | You fall into a shaft and drop 1 floor!
   254 | D:2      | Succumbed to an adder's poison

Illustrated notes

Levels and vault maps discovered:
D:1:      dpeg_arrival_chambers_temple_mockup, layout_basic,
          hellmonk_ecumenical_altar_inner_sanctum
D:2:      layout_basic, uniq_natasha

Skill      XL: |  1 |
---------------+----+-----
Axes           | 3 |  3.1
Fighting       | |  3.6
Armour         | |  3.2
Shields        | |  3.2

Action                   || total
-------------------------++-------
Melee: War axe           ||    15
Throw: Dart              ||     1
Armor: Scale mail        ||     3
Dodge: Dodged            ||     6
Block: Buckler           ||     4
